 Dungeon Crawl Stone Soup version 0.22-a0-480-g991dd4b (webtiles) character file.

163 galech the Skirmisher (level 5, -35/57 HPs)
             Began as an Ogre Berserker on June 15, 2018.
             Was a Believer of Trog.
             Annihilated by an ogre
             ... wielding a +0 giant club
              (37 damage)
             ... on level 4 of the Dungeon.
             The game lasted 00:03:00 (3169 turns).

galech the Skirmisher (Ogre Berserker)              Turns: 3169, Time: 00:03:01

Health: -35/57     AC:  3    Str: 22    XL:     5   Next: 44%
Magic:  5/5        EV: 10    Int:  8    God:    Trog [**....]
Gold:   176        SH:  0    Dex:  8    Spells: 4/4 levels left

rFire    . . .     SeeInvis .   a - +0 mace
rCold    . . .     Gourm    .   (no shield)
rNeg     . . .     Faith    .   b - +0 animal skin
rPois    .         Spirit   .   (helmet restricted)
rElec    .         Reflect  .   (no cloak)
rCorr    .         Harm     +   (gloves unavailable)
MR       .....                  (boots unavailable)
Stlth    +.........             l - amulet of harm
HPRegen  0.19/turn              (no ring)
MPRegen  0.09/turn              (no ring)

@: no status effects
A: large, unfitting armour, tough skin 1
a: Berserk, Trog's Hand, Renounce Religion


You were on level 4 of the Dungeon.
You worshipped Trog.
Trog was pleased with you.
You were near starving.

You visited 1 branch of the dungeon, and saw 4 of its levels.

You collected 176 gold pieces.

Inventory:

Hand Weapons
 a - a +0 mace (weapon)
Armour
 b - a +0 animal skin (worn)
Jewellery
 l - an amulet of harm (around neck)
Wands
 g - a wand of enslavement (13)
Scrolls
 d - 2 scrolls of identify {unknown}
 f - 4 scrolls of teleportation {unknown}
 h - 2 scrolls of magic mapping {unknown}
 j - 3 scrolls of remove curse {unknown}
 k - a scroll of immolation {unknown}
 m - 5 scrolls of enchant weapon {unknown}
 n - a scroll of noise {unknown}
 q - a scroll of amnesia {unknown}
 r - a scroll of fog {unknown}
Potions
 e - 3 potions of curing {unknown}
 i - a potion of flight {unknown}
 o - 2 potions of lignification {unknown}
 p - a potion of mutation {unknown}
 s - 2 potions of degeneration {unknown}
 t - a potion of haste {unknown}
 u - 2 potions of magic {unknown}
Comestibles
 c - 6 rations


   Skills:
 + Level 5.0 Fighting
 + Level 4.2 Maces & Flails
 + Level 3.7 Dodging
 + Level 0.3 Stealth


You had 4 spell levels left.
You didn't know any spells.
Your spell library was empty.

Dungeon Overview and Level Annotations

Branches:
Dungeon (4/15)             Temple (0/1) D:4

Altars:
Dithmenos
Wu Jian

Annotations:
D:4 Defined's ghost, amateur MiAK


Innate Abilities, Weirdness & Mutations

You are too large for most types of armour.
You have tough skin. (AC +1)


Message History

* * * LOW HITPOINT WARNING * * *
You hear an angry hiss.
You are too injured to fight recklessly!
You are too injured to fight recklessly!
You are too injured to fight recklessly!
You are too injured to fight recklessly!
You are too injured to fight recklessly!
You are too injured to fight recklessly!
You are too injured to fight recklessly!
You are too injured to fight recklessly!
You are too injured to fight recklessly!
You are too injured to fight recklessly!
You are too injured to fight recklessly!
You're too hungry.
You hit the ogre.
The ogre is severely wounded.
An adder comes into view.
The ogre hits you with a giant club!!
Ouch! That really hurt!
You die...

..# ...
.##.................
...#....................
#...##...#.#$8.#.......
#....................#
#.......>..8.>.8#....#
.....##...#.....#....##
........#..#.8.#......#
........# #....†@...#
........# ###.###O..#
.....## #.# .....#
.....# #.# #..#.# .....#
###.# #.....
.....######...# S#.#.
............### #.#
############# #


You could see an ogre and an adder.

Vanquished Creatures
  A scorpion (D:4)
  A worker ant (D:3)
  2 adders
  4 worms
  2 dart slugs
  A leopard gecko (D:3)
  An orc (D:3)
  4 giant cockroaches
  9 goblins
  4 hobgoblins
  3 jackals (D:2)
  A quokka (D:4)
  3 ball pythons
  6 bats
  8 frilled lizards
  A jackal skeleton (D:4)
  A kobold (D:3)
  7 rats
59 creatures vanquished.

Notes
Turn   | Place    | Note
-------+----------+-------------------------------------------
     0 | D:1      | galech the Ogre Berserker began the quest for the Orb.
     0 | D:1      | Reached XP level 1. HP: 24/24 MP: 1/1
   213 | D:1      | Reached XP level 2. HP: 23/32 MP: 2/2
   855 | D:2      | Found a shadowy altar of Dithmenos.
  1116 | D:2      | Reached XP level 3. HP: 34/39 MP: 3/3
  1141 | D:2      | Found an ornate altar of the Wu Jian Council.
  1227 | D:3      | Reached ** piety under Trog
  1753 | D:3      | Reached XP level 4. HP: 49/49 MP: 4/4
  2240 | D:4      | Noticed Defined's ghost (amateur MiAK)
  2870 | D:4      | Reached skill level 5 in Fighting
  2870 | D:4      | Reached XP level 5. HP: 25/57 MP: 5/5
  3157 | D:4      | Found a staircase to the Ecumenical Temple.
  3163 | D:4      | Noticed an ogre
  3168 | D:4      | HP: 2/57 [ogre/giant club (37)]
  3169 | D:4      | Annihilated by an ogre

Vault maps used:
D:1:      dpeg_arrival_boxes_within_box
D:2:      lemuel_doored_altar, marbit_many_paths, first_ration
D:4:      minmay_temple_entry_statues_pillars, nicolae_tso_swordbearing_angel

Skill      XL: |  1  2  3  4 |
---------------+-------------+-----
Dodging        | 3 |  3.7
Maces & Flails | 3 4 |  4.2
Fighting       | 5 |  5.0
Stealth        | |  0.3

Action                   |  1- 3 |  4- 6 || total
-------------------------+-------+-------++-------
Melee: Mace              |   124 |    57 ||   181
Invok: Berserk           |     1 |     3 ||     4
       Trog's Hand       |       |     2 ||     2
  Eat: Chunk             |     3 |     3 ||     6
       Ration            |       |     1 ||     1
Armor: Animal skin       |    49 |    14 ||    63
Dodge: Dodged            |    77 |    23 ||   100

Table legend:
 A = Spawn XP
 B = Non-spawn XP
 C = Spawn XP percentage of total XP
 D = Spawn monster count
 E = Non-spawn monster count
 F = Spawn count percentage of total count
 G = Total turns spent on level
                    A         B        C        D         E        F      G
               +---------+---------+-------+---------+---------+-------+---------
         Total |       0 |     234 |   0.0 |       0 |      59 |   0.0 |  3169
               +---------+---------+-------+---------+---------+-------+---------
           D:1 |       0 |      12 |   0.0 |       0 |       8 |   0.0 |   597
           D:2 |       0 |      28 |   0.0 |       0 |      15 |   0.0 |   572
           D:3 |       0 |      89 |   0.0 |       0 |      24 |   0.0 |  1361
           D:4 |       0 |     105 |   0.0 |       0 |      12 |   0.0 |   639
               +---------+---------+-------+---------+---------+-------+---------
